 Dungeon Crawl Stone Soup version 0.29-a0-770-g2e8140cf71 (webtiles) character file.

Game seed: 10928848900414613256

380254 ejfbekj the Ninja (level 21, -8/102 (117) HPs)
             Began as a Spriggan Enchanter on June 30, 2022.
             Was the Champion of Dithmenos.
             Killed from afar by a shadow dragon (45 damage)
             ... with a bolt of negative energy
             ... on level 5 of the Vaults on July 1, 2022.
             The game lasted 02:01:30 (47031 turns).

ejfbekj the Ninja (Spriggan Enchanter)             Turns: 47031, Time: 02:01:30

HP:   -8/102 (117)  AC: 15    Str: 18    XL:     21   Next: 88%
MP:   31/48         EV: 37    Int: 23    God:    Dithmenos [******]
Gold: 3552          SH:  0    Dex: 21    Spells: 30/65 levels left

rFire   . . .      SeeInvis +   a - +9 quick blade
rCold   . . .      Faith    .   (no shield)
rNeg    . . .      Spirit   .   H - +5 steam dragon scales
rPois   +          Reflect  .   P - +2 hat
rElec   .          Harm     .   q - +2 cloak
rCorr   +          Rampage  .   (gloves unavailable)
Will    ++++.      Clarity  +   (boots unavailable) Stlth *********+
                                J - amulet of the Scavenger {rPois Regen+ Dex+5}
HPRegen 1.87/turn               s - +4 ring of evasion
MPRegen 0.31/turn               T - ring "Nakkac" {Will+ rCorr Str+6 Int+4 SInv}

@: wreathed by umbra, studying Ranged Weapons, heavily drained, very quick
A: very small, no large weapons, unfitting armour, see invisible, speed 3,
clarity, poison resistance, regeneration 1
}: 2/15 runes: barnacled, gossamer
a: Renounce Religion, Shadow Step, Shadow Form


You were on level 5 of the Vaults.
You worshipped Dithmenos.
Dithmenos was exalted by your worship.
You visited 7 branches of the dungeon, and saw 37 of its levels.
You visited 1 bazaar.
You also visited: Sewer and Bailey.

You collected 7713 gold pieces.
You spent 4161 gold pieces at shops.

Inventory:

Hand Weapons
 a - a +9 quick blade (weapon)
 k - a +4 quick blade
Missiles
 W - 3 throwing nets (quivered)
Armour
 q - a +2 cloak (worn)
 H - +5 steam dragon scales (worn)
 N - a scarf of invisibility
 P - a +2 hat (worn)
Jewellery
 d - a ring of fire
 g - the ring of Itree {+Blink MP+9 Int+4}
   (You found it on level 4 of the Vaults)

   [ring of magical power]

   Int:       It affects your intelligence (+4).
   MP:        It affects your magic capacity (+9).
   +Blink:    It lets you blink.
 i - a ring of protection from fire
 s - a +4 ring of evasion (left hand)
 C - a ring of wizardry
 J - the amulet of the Scavenger (around neck) {rPois Regen+ Dex+5}
   (You found it on level 4 of the Spider Nest)

   [amulet of regeneration]

   Dex:       It affects your dexterity (+5).
   rPois:     It protects you from poison.
   Regen:     It increases your rate of health regeneration.
 M - a ring of resist corrosion
 T - the ring "Nakkac" (right hand) {Will+ rCorr Str+6 Int+4 SInv}
   (You acquired it on level 5 of the Lair of Beasts)

   [ring of strength]

   Str:       It affects your strength (+6).
   Int:       It affects your intelligence (+4).
   SInv:      It lets you see invisible.
   rCorr:     It protects you from acid and corrosion.
   Will:      It increases your willpower.
 U - a ring of flight
 Y - the dreamshard necklace {*Dream Drain}
   (You found it on level 4 of the Shoals)

   [amulet of nothing]

   It shatters if its wearer takes lethal or near-lethal damage, preventing the
   blow and releasing protective dreams that heal and fight for the wearer.
   Drain:     It drains your maximum health when unequipped.
Wands
 r - a wand of flame (78)
 t - a wand of mindburst (5)
 u - a wand of digging (15)
 v - a wand of polymorph (17)
 w - a wand of light (9)
 O - a wand of iceblast (12)
 S - a wand of charming (8)
Scrolls
 b - 7 scrolls of amnesia
 j - 2 scrolls of immolation
 o - 13 scrolls of teleportation
 y - 11 scrolls of blinking
 z - 10 scrolls of fog
 B - 13 scrolls of fear
 F - 9 scrolls of magic mapping
 G - 2 scrolls of enchant weapon
 K - 3 scrolls of enchant armour
 Q - 3 scrolls of poison
 V - 2 scrolls of summoning
Potions
 c - 2 potions of invisibility
 e - 8 potions of might
 f - 9 potions of brilliance
 h - 8 potions of cancellation
 l - 8 potions of ambrosia
 m - 13 potions of curing
 n - 8 potions of heal wounds
 p - 7 potions of magic
 x - 7 potions of flight
 A - 6 potions of haste
 E - 3 potions of mutation
 I - 3 potions of berserk rage
 L - 4 potions of lignification
 R - 3 potions of resistance
Miscellaneous
 D - a phantom mirror


   Skills:
 + Level 15.3 Fighting
 - Level 10.0 Short Blades
 - Level 17.0 Dodging
 O Level 27 Stealth
 + Level 22.9 Spellcasting
 - Level 3.0 Conjurations
 + Level 22.9 Hexes


You had 30 spell levels left.
You knew the following spells:

 Your Spells              Type           Power      Damage    Failure   Level
a - Ensorcelled Hibernat  Hex/Ice        100%       N/A       1%          2
b - Tukima's Dance        Hex            93%        N/A       0%          3
c - Dazzling Flash        Conj/Hex       100%       N/A       1%          3
d - Confusing Touch       Hex            93%        N/A       0%          3
e - Summon Guardian Gole  Hex/Summ       68%        N/A       1%          3
f - Apportation           Tloc           52%        N/A       1%          1
g - Blink                 Tloc           52%        N/A       2%          2
h - Enfeeble              Hex            46%        N/A       1%          7
i - Stone Arrow           Conj/Erth      66%        3d11      2%          3
j - Discord               Hex            46%        N/A       1%          8

Your spell library contained the following spells:

 Spells                   Type           Power      Damage    Failure   Level
 Beastly Appendage        Tmut           52%        N/A       1%          1
 Freeze                   Ice            100%       1d11      1%          1
 Necrotize                Necr           100%       1d9       1%          1
 Sandblast                Erth           52%        2d12      1%          1
 Summon Small Mammal      Summ           100%       N/A       1%          1
 Static Discharge         Conj/Air       33%        3-8/arc   1%          2
 Anguish                  Hex/Necr       34%        N/A       1%          4
 Silence                  Hex/Air        34%        N/A       1%          5
 Yara's Violent Unravell  Hex/Tmut       34%        3d14      1%          5
 Passwall                 Tmut/Erth      21%        N/A       2%          2
 Wereblood                Tmut           26%        N/A       2%          2
 Mephitic Cloud           Conj/Pois/Air  30%        N/A       3%          3
 Call Canine Familiar     Summ           26%        N/A       4%          3
 Frozen Ramparts          Ice            52%        1d7       4%          3
 Ignite Poison            Fire/Tmut/Pois 26%        N/A       4%          3
 Spider Form              Tmut/Pois      26%        N/A       4%          3
 Hailstorm                Conj/Ice       33%        3d8       9%          4
 Sticky Flame             Conj/Fire      33%        2d5       9%          4
 Animate Armour           Summ/Erth      52%        N/A       16%         4
 Animate Dead             Necr           26%        N/A       16%         4
 Dispel Undead            Necr           26%        3d13      16%         4
 Ice Form                 Ice/Tmut       26%        N/A       16%         4
 Passage of Golubria      Tloc           26%        N/A       16%         4
 Summon Lightning Spire   Summ/Air       26%        N/A       16%         4
 Lightning Bolt           Conj/Air       16%        1d30      22%         5
 Freezing Cloud           Conj/Ice/Air   15%        6-21      28%         5
 Alistair's Intoxication  Tmut/Pois      17%        N/A       38%         5
 Blade Hands              Tmut           13%        N/A       38%         5
 Borgnjor's Vile Clutch   Necr/Erth      13%        N/A       38%         5
 Manifold Assault         Tloc           26%        N/A       38%         5
 Conjure Ball Lightning   Conj/Air       16%        3x3d6     77%         6
 Iron Shot                Conj/Erth      16%        9d4       77%         6
 Death Channel            Necr           13%        N/A       93%         6
 Dispersal                Tloc           13%        N/A       93%         6
 Simulacrum               Ice/Necr       13%        N/A       93%         6
 Orb of Destruction       Conj           20%        9d8       98%         7
 Haunt                    Necr/Summ      13%        N/A       100%        7
 Malign Gateway           Summ/Tloc      13%        N/A       100%        7
 Spellforged Servitor     Conj/Summ      16%        N/A       100%        7
 Storm Form               Tmut/Air       13%        N/A       100%        7
 Disjunction              Tloc           13%        N/A       100%        8
 Infestation              Necr           13%        N/A       100%        8
 Lehudib's Crystal Spear  Conj/Erth      16%        10d5      100%        8
 Maxwell's Capacitive Co  Air            13%        ∞         100%        8
 Summon Horrible Things   Summ           13%        N/A       100%        8
 Polar Vortex             Ice            13%        N/A       100%        9


Dungeon Overview and Level Annotations

Branches:
Dungeon (15/15)            Temple (1/1) D:4            Lair (6/6) D:10
 Shoals (4/4) Lair:4       Spider (4/4) Lair:2        Slime (0/5) Lair:5
    Orc (2/2) D:11            Elf (0/3) Orc:2        Vaults (5/5) D:13
  Crypt (0/3) Vaults:2     Depths (0/4) D:15          Sewer (visited)
 Bailey (visited)

Altars:
Ashenzari
Cheibriados
Dithmenos
Elyvilon
Fedhas
Gozag
Hepliaklqana
Kikubaaqudgha
Makhleb
Nemelex Xobeh
Okawaru
Qazlal
Ru
Sif Muna
Trog
Uskayaw
Vehumet
Wu Jian
Xom
Yredelemnul
Zin
The Shining One
Beogh
Jiyva

Shops:
D:2 (   Orc:2 *(!?   Shoals:1 **   Shoals:2 [   Shoals:3 !   Vaults:5 ?!??

Annotations:
D:11 3 runed translucent doors, 1stPlace's ghost, journeyman MiBe; PentaManta's ghost, journeyman SpHu
Lair:3 2 transporters, Goddom's ghost, journeyman TrFi
Shoals:4 1 runed translucent door, Morbidden's ghost, adept TrGl


Innate Abilities, Weirdness & Mutations

You are very small and have problems with some larger weapons.
You are too small for most types of armour.
You have supernaturally acute eyesight. (SInv)
You cover ground extremely quickly. (Speed+++)
You possess an exceptional clarity of mind.
Your system is resistant to poisons. (rPois)
Your natural rate of healing is unusually fast.


Message History

Found a dazzling chain mail.
Things that are here:
a +0 great sword; a +0 plate armour
Things that are here:
a +0 great mace; a +0 plate armour The quicksilver dragon roars deafeningly!
You hit the shadow dragon but do no damage.
The shadow dragon barely misses you. The shadow dragon misses you. x2
The quicksilver dragon breathes dispelling energy at you.
The bolt of dispelling energy hits you!!!
Your magical effects are unravelling.
You see here a +2 battleaxe of freezing.
Unknown command.
Unknown command.
Casting: Confusing Touch (safe; 0% risk of failure)
Confirm with . or Enter, or press ? or * to list all spells.
Casting: Discord (dangerous; 1% risk of failure)
Press: ? - help, Dir - look around, f - activate The shadow dragon resists with almost no effort.
The quicksilver dragon resists with almost no effort.
Your hands stop glowing.
The quicksilver dragon breathes dispelling energy at you.
The bolt of dispelling energy misses you.
The shadow dragon completely misses you.
The shadow dragon claws you but does no damage.
The shadow dragon completely misses you.
Casting: Discord (dangerous; 1% risk of failure)
Confirm with . or Enter, or press ? or * to list all spells.
Casting: Discord (dangerous; 1% risk of failure)
Press: ? - help, Dir - look around, f - activate The shadow dragon resists with almost no effort.
The quicksilver dragon resists with almost no effort.
The quicksilver dragon breathes dispelling energy at you.
The bolt of dispelling energy misses you.
The shadow dragon breathes negative energy at you.
The bolt of negative energy hits you!!!
You feel drained.
You emit a cloud of dark smoke.
The shadow dragon breathes negative energy at you.
The bolt of negative energy hits you!!!
You feel drained.
You die...

#######.#.#...)#...#.∩)#§h#.∩.#..
.#.#.#.#.##....#...#####oC#####..
#.#.#.#.#.#....#......To§§§§ ...
.#.#.#.#...()..........oo§.§.....
#########...)))..################
..........))............
.........).)<<..).......
).......())<).<).).....[
.........)..<<.D@§......
########[.))...§D#######
...........)..§§§).....
.....##)....).#.###.#.# ...#
##.#....#..? ## #.#....#.###
.)#....#.. ...#....#.#
#...#....#.#


You could see a shadow dragon (catching breath) and a quicksilver dragon
(catching breath).

Vanquished Creatures
  An ancient lich (Vaults:5)
  Mennas (Vaults:3)
  Jorgrun (Shoals:3)
  A quicksilver dragon (Vaults:5)
  2 krakens (Shoals:3)
  2 sphinxes
  A shadow dragon (Vaults:5)
  A storm dragon (Vaults:5)
  Donald (Spider:3)
  Ilsuiw (Shoals:4)
  2 tengu reavers
  13 vault wardens
  An orc warlord (Vaults:4)
  2 frost giants
  2 emperor scorpions
  2 ghost moths (Spider:4)
  4 ironbound preservers
  A very ugly thing (Vaults:5)
  3 stone giants
  5 ironbound thunderhulks
  5 dire elephants (Vaults:3)
  5 entropy weavers
  A spark wasp (Spider:3)
  2 merfolk javelineers
  A deep elf death mage (Vaults:5)
  3 ettins
  A fire dragon (Lair:6)
  A deep elf high priest (Vaults:5)
  3 merfolk impalers
  2 crystal guardians (Vaults:4)
  3 great orbs of eyes
  3 vault guards
  9 yaktaur captains
  14 hydras
  2 boulder beetles
  2 ogre magi
  A catoblepas (D:14)
  4 ironbound frosthearts
  2 peacekeepers
  A jorogumo (shapeshifter) (Vaults:5)
  2 radroaches
  2 satyrs (Shoals:2)
  2 merfolk avatars (Shoals:4)
  A jorogumo (Spider:2)
  A dancing weapon (D:13)
  8 two-headed ogres
  A death scarab (Spider:2)
  3 centaur warriors
  5 tengu warriors (D:15)
  A hell knight (Vaults:5)
  A sun moth (Spider:1)
  5 steelbarb worms
  3 pharaoh ants
  A glowing orange brain (Vaults:2)
  20 deep trolls
  A swamp dragon (shapeshifter) (D:13)
  5 orb spiders
  11 sea snakes
  5 wizards
  11 harpies
  3 lindwurms
  12 ironbound convokers
  A phantasmal warrior (Vaults:5)
  The ghost of Troll the Chopper, a novice MiFi of Okawaru (D:5)
  2 orc knights (D:15)
  An oklob plant (Lair:4)
  19 ugly things
  A deep elf pyromancer (D:15)
  4 cyclopes
  12 wolf spiders
  A sphinx skeleton (Vaults:1)
  10 manticores
  A moth of wrath (Spider:2)
  15 elephants
  5 merfolk sirens
  14 cane toads
  5 water nymphs
  9 black mambas
  A human skeleton (Vaults:1)
  6 gargoyles
  2 molten gargoyles (Lair:6)
  7 vault sentinels
  An unseen horror (shapeshifter) (D:14)
  3 torpor snails
  Joseph (D:10)
  Maggie (D:9)
  2 demonic crawlers
  Psyche (D:10)
  14 komodo dragons
  2 freezing wraiths
  5 rime drakes
  A tengu conjurer (D:15)
  6 yaktaurs
  6 trolls
  16 merfolk
  2 polar bears
  5 meliai
  2 hornets (D:9)
  6 wind drakes
  Grinder (D:4)
  30 slime creatures
  8 snapping turtles
  A hornet (shapeshifter) (D:13)
  10 tarantellas
  12 blink frogs
  5 dream sheep
  14 jumping spiders
  9 culicivoras
  2 vampires
  2 shadows
  81 yaks
  8 water elementals
  5 basilisks
  7 small abominations (D:13)
  5 wyverns
  5 large abominations (D:13)
  A steam dragon (D:7)
  30 redbacks
  15 vampire mosquitoes
  4 wargs
  3 acid dragons
  5 hell hounds (Lair:6)
  13 water moccasins
  21 orc warriors
  2 ice beasts
  A sky beast (D:8)
  A black bear (Lair:3)
  5 ogres (Orc:2)
  16 wolves
  15 centaurs
  A kobold brigand (D:8)
  3 necrophages
  8 bullfrogs
  4 scorpions
  6 wights (D:8)
  20 killer bees
  4 howler monkeys
  2 electric eels
  5 lava snakes (Lair:6)
  Crazy Yiuf (D:2)
  3 jellies
  20 orc priests
  A bouda (D:7)
  A hound (D:5)
  3 iguanas
  18 orc wizards
  11 adders
  3 gnolls (D:3)
  4 river rats
  3 white imps
  An ufetubus (D:4)
  3 worms
  2 dart slugs
  63 orcs
  4 endoplasms
  3 giant cockroaches
  5 hobgoblins
  5 quokkas
  7 ball pythons
  8 bats
  8 frilled lizards
  9 goblins
  9 kobolds
  8 rats
  3 bushes (Lair:6)
  2 plants (Lair:6)
1005 creatures vanquished.

Vanquished Creatures (collateral kills)
  Arachne (Spider:4)
  A lich (Vaults:5)
  Mlioglotl (Shoals:1)
  3 titans
  An acid blob (Spider:4)
  A sphinx (Vaults:1)
  A shadow dragon (Vaults:5)
  A fire giant (Vaults:5)
  A deep elf sorcerer (Vaults:5)
  2 emperor scorpions (Spider:4)
  7 vault wardens
  A ghost moth (Spider:4)
  2 frost giants (Vaults:5)
  A broodmother (Spider:1)
  A stone giant (Vaults:5)
  2 ironbound thunderhulks
  A war gargoyle (Vaults:4)
  A very ugly thing (Vaults:4)
  16 ironbound preservers
  A deep elf demonologist (Vaults:5)
  2 entropy weavers
  2 dire elephants (Vaults:3)
  A deep elf annihilator (Vaults:5)
  A deep elf death mage (Vaults:4)
  3 merfolk javelineers (Shoals:4)
  3 merfolk impalers (Shoals:4)
  4 yaktaur captains
  A great orb of eyes (Vaults:4)
  2 peacekeepers (Vaults:4)
  24 vault guards
  2 ogre magi
  2 ironbound frosthearts
  4 centaur warriors (Vaults:4)
  2 dancing weapons
  A satyr (Shoals:4)
  4 merfolk aquamancers (Shoals:4)
  7 two-headed ogres
  A pharaoh ant (Spider:3)
  2 sea snakes (Shoals:4)
  21 deep trolls
  6 orb spiders
  4 steelbarb worms
  3 wizards
  A phantasmal warrior (Vaults:4)
  11 ironbound convokers
  A necromancer (Vaults:5)
  3 lindwurms
  10 wolf spiders
  4 harpies
  2 manticores
  2 cyclopes
  An oklob plant (Spider:4)
  3 fauns (Shoals:2)
  12 vault sentinels
  8 ugly things
  A fire giant skeleton (Vaults:1)
  2 water nymphs
  3 merfolk sirens
  A molten gargoyle (Lair:6)
  2 torpor snails
  23 yaktaurs
  4 demonic crawlers
  5 merfolk
  4 meliai (Spider:4)
  9 tarantellas
  3 trolls (Orc:2)
  A wind drake (Shoals:4)
  A snapping turtle (shapeshifter) (Vaults:5)
  20 slime creatures
  A snapping turtle (Shoals:4)
  11 jumping spiders
  3 culicivoras
  An elf simulacrum (Vaults:1)
  2 water elementals (Shoals:1)
  39 redbacks
  A steam dragon (Lair:6)
  2 wargs (Orc:1)
  5 acid dragons (Spider:4)
  5 orc warriors
  13 ogres
  2 centaurs (Bailey)
  3 wights (D:8)
  8 orc priests (Orc:1)
  3 orc wizards
  3 gnolls (D:7)
  27 orcs
414 creatures vanquished.

Vanquished Creatures (others)
  2 sphinxes
  A tengu reaver (Vaults:4)
  A vault warden (Vaults:4)
  2 emperor scorpions (Spider:4)
  3 ironbound preservers
  2 stone giants (Vaults:5)
  A quicksilver ooze (shapeshifter) (Vaults:4)
  A dire elephant (Vaults:3)
  A spark wasp (Spider:4)
  2 merfolk impalers (Shoals:4)
  4 vault guards
  2 merfolk aquamancers
  2 sea snakes (Shoals:4)
  2 deep trolls
  A steelbarb worm (Spider:4)
  2 ironbound convokers
  A lindwurm (Vaults:2)
  A wizard (Vaults:4)
  A necromancer (Vaults:1)
  An orc knight (Orc:1)
  2 ugly things (Vaults:4)
  2 cyclopes (Orc:2)
  A manticore (Shoals:1)
  2 wolf spiders
  A moth of wrath (Spider:1)
  2 merfolk sirens
  2 vault sentinels
  9 yaktaurs
  A troll (Orc:2)
  2 merfolk
  2 tarantellas
  2 slime creatures (Vaults:2)
  9 jumping spiders
  5 culicivoras
  3 redbacks (Spider:4)
  13 dancing weapons
  2 orc warriors
  An ogre (Orc:2)
  2 orcs (Orc:1)
  A bush (Lair:6)
  40 fungi
  101 plants
  4 tentacles (Shoals:3)
  3 withered plants (D:11)
245 creatures vanquished.

Grand Total: 1664 creatures vanquished

Notes
Turn   | Place    | Note
-------+----------+-------------------------------------------
     0 | D:1      | ejfbekj the Spriggan Enchanter began the quest for the Orb.
     0 | D:1      | Reached XP level 1. HP: 9/9 MP: 5/5
   592 | D:1      | Reached XP level 2. HP: 13/13 MP: 7/7
   595 | D:1      | Learned a level 2 spell: Ensorcelled Hibernation
   888 | D:2      | Identified a scroll of acquirement
   888 | D:2      | Acquired 876 gold pieces
   945 | D:2      | Acquired 1064 gold pieces
  1028 | D:2      | Found a faded altar of an unknown god.
  1192 | D:2      | Found a runed translucent door.
  1193 | D:2      | Noticed Crazy Yiuf
  1409 | D:2      | Found Gojel's Antique Weapon Boutique.
  1417 | D:2      | Bought a glowing quick blade for 486 gold pieces
  1453 | D:2      | Reached XP level 3. HP: 16/16 MP: 6/9
  1457 | D:2      | Learned a level 3 spell: Tukima's Dance
  1461 | D:2      | Learned a level 3 spell: Confusing Touch
  2039 | D:3      | Reached XP level 4. HP: 21/21 MP: 8/11
  2113 | D:3      | Reached skill level 5 in Hexes
  2462 | D:3      | Reached XP level 5. HP: 7/24 MP: 9/13
  2931 | D:3      | Learned a level 3 spell: Dazzling Flash
  3119 | D:4      | Reached skill level 5 in Spellcasting
  3331 | D:4      | Found a glowing drain.
  3387 | D:4      | Reached skill level 5 in Stealth
  3390 | Sewer    | Entered a sewer
  3600 | Sewer    | Reached XP level 6. HP: 28/28 MP: 11/15
  4124 | D:4      | Reached skill level 6 in Stealth
  4185 | D:4      | Noticed Grinder
  4197 | D:4      | Killed Grinder
  4198 | D:4      | Reached skill level 7 in Stealth
  4198 | D:4      | Reached XP level 7. HP: 10/32 MP: 12/17
  4464 | D:4      | Learned a level 3 spell: Summon Guardian Golem
  4466 | D:4      | Learned a level 1 spell: Apportation
  4671 | D:4      | Found a staircase to the Ecumenical Temple.
  4682 | Temple   | Entered the Ecumenical Temple
  4919 | D:2      | Killed Crazy Yiuf
  5007 | D:5      | Entered Level 5 of the Dungeon
  5452 | D:5      | Found a runed translucent door.
  5453 | D:5      | Noticed Troll's ghost (novice MiFi)
  5484 | D:5      | Killed Troll's ghost
  5485 | D:5      | Reached skill level 9 in Stealth
  5485 | D:5      | Reached XP level 8. HP: 36/36 MP: 15/20
  5733 | D:5      | Found an opulent altar of Gozag.
  5895 | D:5      | Reached skill level 10 in Stealth
  6524 | D:6      | Reached skill level 11 in Stealth
  6909 | D:6      | Reached XP level 9. HP: 39/39 MP: 19/22
  6938 | D:6      | Identified the +1 scale mail of Shielding {*Corrode rC+
                  | Dex+3 SInv}
  7453 | D:7      | Reached skill level 1 in Fighting
  7793 | D:7      | Reached skill level 12 in Stealth
  8119 | D:7      | Found a sparkling altar of Nemelex Xobeh.
  8675 | D:8      | Found a shimmering blue altar of Sif Muna.
  8720 | D:8      | Acquired 959 gold pieces
  9092 | D:8      | Found a bloodstained altar of Trog.
  9159 | D:8      | Reached skill level 13 in Stealth
  9395 | D:8      | Noticed a gargoyle
  9406 | D:8      | Killed a gargoyle
  9407 | D:8      | Reached skill level 10 in Hexes
  9519 | D:8      | Noticed a gargoyle
  9521 | D:8      | Killed a gargoyle
  9522 | D:8      | Reached skill level 5 in Dodging
  9526 | D:8      | Noticed a gargoyle
  9528 | D:8      | Killed a gargoyle
  9529 | D:8      | Reached XP level 10. HP: 47/47 MP: 24/24
  9532 | D:8      | Noticed a gargoyle
  9534 | D:8      | Killed a gargoyle
  9551 | D:8      | Noticed a gargoyle
  9553 | D:8      | Killed a gargoyle
  9554 | D:8      | Reached skill level 10 in Spellcasting
  9612 | D:8      | Reached skill level 14 in Stealth
 10286 | D:9      | Reached skill level 5 in Short Blades
 10288 | D:9      | Noticed a two-headed ogre
 10293 | D:9      | Reached skill level 15 in Stealth
 10314 | D:9      | Killed a two-headed ogre
 10603 | D:9      | Reached XP level 11. HP: 53/53 MP: 18/26
 10750 | D:9      | Found a blossoming altar of Fedhas.
 10755 | D:9      | Noticed Maggie
 10762 | D:9      | Killed Maggie
 11236 | D:9      | Reached skill level 16 in Stealth
 11764 | D:10     | Entered Level 10 of the Dungeon
 11868 | D:10     | Noticed Joseph
 11884 | D:10     | Killed Joseph
 11903 | D:10     | Found a flagged portal.
 11913 | Bailey   | Entered a bailey
 13164 | D:10     | Reached skill level 17 in Stealth
 13282 | D:10     | Found a staircase to the Lair.
 13607 | D:10     | Learned a level 2 spell: Blink
 13658 | D:10     | Reached skill level 5 in Fighting
 13821 | D:10     | Found a shadowy altar of Dithmenos.
 13835 | D:10     | Became a worshipper of Dithmenos the Shadowed
 13838 | D:10     | Found an ornate altar of the Wu Jian Council.
 13887 | D:10     | Noticed Psyche
 13894 | D:10     | Killed Psyche
 13982 | D:11     | Noticed a wizard
 13984 | D:11     | Killed a wizard
 13986 | D:11     | Found a staircase to the Orcish Mines.
 14226 | D:11     | Reached XP level 12. HP: 60/60 MP: 28/28
 14346 | D:11     | Noticed an eight-headed hydra
 14367 | D:11     | Killed an eight-headed hydra
 14431 | D:11     | Noticed a two-headed ogre
 14445 | D:11     | Killed a two-headed ogre
 14446 | D:11     | Reached skill level 18 in Stealth
 14733 | D:11     | Found a runed translucent gate.
 14733 | D:11     | Found a runed translucent gate.
 14734 | D:11     | Found a runed translucent gate.
 14735 | D:11     | Noticed PentaManta's ghost (journeyman SpHu)
 14736 | D:11     | Noticed 1stPlace's ghost (journeyman MiBe)
 14992 | D:12     | Reached * piety under Dithmenos
 15189 | D:12     | Found a shadowy altar of Dithmenos.
 15573 | D:12     | Acquired a +6 quick blade
 15907 | D:13     | Noticed a seven-headed hydra
 15914 | D:13     | Killed a seven-headed hydra
 16005 | D:13     | Noticed a two-headed ogre
 16008 | D:13     | Killed a two-headed ogre
 16024 | D:13     | Reached skill level 10 in Dodging
 16024 | D:13     | Reached skill level 19 in Stealth
 16035 | D:13     | Noticed a centaur warrior
 16047 | D:13     | Killed a centaur warrior
 16105 | D:13     | Found a gate to the Vaults.
 16202 | D:13     | Reached ** piety under Dithmenos
 16624 | D:13     | Gained mutation: You possess an exceptional clarity of
                  | mind. [potion of mutation]
 16624 | D:13     | Gained mutation: Your natural rate of healing is unusually
                  | fast. [potion of mutation]
 16624 | D:13     | Gained mutation: Your system is resistant to poisons.
                  | (rPois) [potion of mutation]
 16791 | D:14     | Reached XP level 13. HP: 65/65 MP: 26/30
 16938 | D:14     | Reached skill level 20 in Stealth
 17367 | D:14     | Reached *** piety under Dithmenos
 17926 | Lair:1   | Entered Level 1 of the Lair of Beasts
 17996 | Lair:1   | Reached skill level 21 in Stealth
 18718 | Lair:2   | Found a hole to the Spider Nest.
 19159 | Lair:2   | Reached **** piety under Dithmenos
 19612 | Lair:3   | Found a transporter.
 19617 | Lair:3   | Found a transporter.
 19618 | Lair:3   | Noticed Goddom's ghost (journeyman TrFi)
 20052 | Lair:3   | Reached skill level 10 in Short Blades
 20073 | Lair:3   | Learned a level 7 spell: Enfeeble
 20160 | Lair:3   | Reached XP level 14. HP: 72/72 MP: 32/32
 20617 | Lair:4   | Learned a level 3 spell: Stone Arrow
 20807 | Lair:4   | Found a shimmering altar of Xom.
 20934 | Lair:4   | Found a staircase to the Shoals.
 21032 | Lair:4   | You fall into a shaft and drop 2 floors!
 21032 | Lair:6   | Entered Level 6 of the Lair of Beasts
 21059 | Lair:6   | Reached ***** piety under Dithmenos
 21060 | Lair:6   | Reached skill level 22 in Stealth
 21060 | Lair:6   | Reached skill level 1 in Conjurations
 21286 | Lair:5   | Acquired the ring "Nakkac" {Will+ rCorr Str+6 Int+4 SInv}
 22887 | Lair:5   | Found a viscous altar of Jiyva.
 22888 | Lair:5   | Found a staircase to the Slime Pits.
 23555 | Lair:6   | Reached ****** piety under Dithmenos
 23621 | Lair:6   | Reached XP level 15. HP: 74/78 MP: 23/34
 23621 | Lair:6   | Reached skill level 23 in Stealth
 23621 | Lair:6   | Reached skill level 15 in Spellcasting
 23621 | Lair:6   | Reached skill level 15 in Hexes
 23621 | Lair:6   | Reached XP level 16. HP: 78/82 MP: 23/36
 23622 | Lair:6   | Reached XP level 17. HP: 83/86 MP: 24/37
 24526 | Lair:6   | Found a large runed translucent door.
 24526 | Lair:6   | Found a large runed translucent door.
 24783 | Lair:6   | Learned a level 8 spell: Discord
 25020 | Orc:1    | Entered Level 1 of the Orcish Mines
 25826 | Orc:2    | Entered Level 2 of the Orcish Mines
 25925 | Orc:2    | Found Silisuoth's Weapon Shop.
 25926 | Orc:2    | Found Uxor's Magic Scroll Emporium.
 25997 | Orc:2    | Reached skill level 24 in Stealth
 26048 | Orc:2    | Found Fiuzxar's General Store.
 26129 | Orc:2    | Found Roczu's Distillery.
 26286 | Orc:2    | Found a staircase to the Elven Halls.
 26317 | Orc:2    | Bought a scroll of fog for 28 gold pieces
 26317 | Orc:2    | Bought a scroll of teleportation for 42 gold pieces
 26317 | Orc:2    | Bought 2 scrolls of teleportation for 84 gold pieces
 26317 | Orc:2    | Bought a scroll of teleportation for 42 gold pieces
 26330 | Orc:2    | Bought a potion of heal wounds for 60 gold pieces
 26330 | Orc:2    | Bought a potion of curing for 36 gold pieces
 26330 | Orc:2    | Bought a potion of might for 48 gold pieces
 26330 | Orc:2    | Bought a potion of ambrosia for 96 gold pieces
 26330 | Orc:2    | Bought a potion of resistance for 120 gold pieces
 26330 | Orc:2    | Bought a potion of heal wounds for 60 gold pieces
 26330 | Orc:2    | Bought a potion of brilliance for 48 gold pieces
 26330 | Orc:2    | Bought a potion of ambrosia for 96 gold pieces
 26330 | Orc:2    | Bought a potion of brilliance for 48 gold pieces
 26330 | Orc:2    | Bought a potion of brilliance for 48 gold pieces
 27094 | D:15     | Entered Level 15 of the Dungeon
 28570 | D:15     | Found a staircase to the Depths.
 28699 | D:15     | Upgraded the game from 0.29-a0-753-gb7bb9d756e to
                  | 0.29-a0-770-g2e8140cf71
 28890 | Spider:1 | Entered Level 1 of the Spider Nest
 29384 | Spider:1 | Reached skill level 15 in Dodging
 29739 | Spider:2 | Reached skill level 10 in Fighting
 30010 | Spider:2 | Reached XP level 18. HP: 93/93 MP: 33/40
 30071 | Spider:2 | Reached skill level 25 in Stealth
 30703 | Spider:3 | Noticed Donald
 30708 | Spider:3 | Killed Donald
 31219 | Spider:4 | Entered Level 4 of the Spider Nest
 31226 | Spider:4 | Noticed Arachne
 31230 | Spider:4 | Killed Arachne
 32444 | Spider:4 | Identified the amulet of the Scavenger {rPois Regen+ Dex+5}
 32931 | Spider:4 | Got a gossamer rune of Zot
 33123 | Shoals:1 | Entered Level 1 of the Shoals
 33227 | Shoals:1 | Found a gateway to a bazaar.
 33506 | Shoals:1 | Reached skill level 26 in Stealth
 33624 | Shoals:1 | Noticed Mlioglotl
 33965 | Shoals:1 | Killed Mlioglotl
 34144 | Shoals:1 | Found Esusom's General Store.
 34144 | Shoals:1 | Found Baimio Ducoh's Specific Store.
 34242 | Bazaar   | Entered a bazaar
 34242 | Bazaar   | Found Noumn's General Store.
 34253 | Bazaar   | Found Deffes's Book Emporium.
 34258 | Bazaar   | Found Nuubb's General Store.
 34275 | Bazaar   | Found Zesolaim's Antique Weapon Shop.
 34280 | Bazaar   | Found Gumyuluph's Antique Armour Emporium.
 34290 | Bazaar   | Bought a shiny orb for 396 gold pieces
 34327 | Bazaar   | Bought a +1 hat for 110 gold pieces
 34327 | Bazaar   | Bought a scroll of magic mapping for 35 gold pieces
 34327 | Bazaar   | Bought a potion of haste for 100 gold pieces
 34327 | Bazaar   | Bought a ring of flight for 175 gold pieces
 34346 | Bazaar   | Bought a scroll of fog for 28 gold pieces
 34346 | Bazaar   | Bought a scroll of blinking for 105 gold pieces
 34346 | Bazaar   | Bought a scroll of summoning for 133 gold pieces
 35121 | Shoals:2 | Reached XP level 19. HP: 100/100 MP: 42/42
 35214 | Shoals:2 | Found Uwifatt's Armour Shop.
 35606 | Shoals:3 | Noticed Jorgrun
 35692 | Shoals:3 | Killed Jorgrun
 35899 | Shoals:3 | Found Pumunkuroy's Distillery.
 35911 | Shoals:3 | Bought a potion of might for 48 gold pieces
 35911 | Shoals:3 | Bought a potion of curing for 36 gold pieces
 35911 | Shoals:3 | Bought a potion of magic for 96 gold pieces
 35911 | Shoals:3 | Bought a potion of mutation for 96 gold pieces
 35911 | Shoals:3 | Bought a potion of might for 48 gold pieces
 35911 | Shoals:3 | Bought 2 potions of brilliance for 96 gold pieces
 35911 | Shoals:3 | Bought a potion of heal wounds for 60 gold pieces
 35911 | Shoals:3 | Bought a potion of invisibility for 96 gold pieces
 36391 | Shoals:4 | Entered Level 4 of the Shoals
 36553 | Shoals:4 | Found a runed translucent door.
 36554 | Shoals:4 | Found a shimmering altar of Xom.
 36554 | Shoals:4 | Noticed Morbidden's ghost (adept TrGl)
 36668 | Shoals:4 | Noticed Ilsuiw
 36885 | Shoals:4 | Killed Ilsuiw
 37349 | Shoals:4 | Identified the ring of Free Expression {rC+ Int+2}
 37755 | Shoals:4 | Found the +3 Elemental Staff {rElec rF++ rC++ AC+5}
 37991 | Shoals:4 | Found the dreamshard necklace {*Dream Drain}
 38089 | Shoals:4 | Got a barnacled rune of Zot
 38489 | Vaults:1 | Entered Level 1 of the Vaults
 38497 | Vaults:1 | Reached skill level 27 in Stealth
 40376 | Vaults:2 | Reached XP level 20. HP: 108/108 MP: 37/44
 41460 | Vaults:2 | Found a staircase to the Crypt.
 41460 | Vaults:2 | Found a basalt altar of Yredelemnul.
 41460 | Vaults:2 | Found an ancient bone altar of Kikubaaqudgha.
 41961 | Vaults:3 | Noticed Mennas
 41964 | Vaults:3 | Killed Mennas
 43997 | Vaults:4 | Reached XP level 21. HP: 36/115 MP: 32/47
 44336 | Vaults:4 | Found a transporter.
 44350 | Vaults:4 | Found a transporter.
 45326 | Vaults:4 | Identified the ring of Itree {+Blink MP+9 Int+4}
 45416 | Vaults:5 | Entered Level 5 of the Vaults
 45596 | Vaults:5 | HP: 4/113 [frost giant/bolt of cold (30)]
 45598 | Vaults:5 | Found Novicauh's Magic Scroll Shoppe.
 45601 | Vaults:5 | Bought 3 scrolls of fear for 199 gold pieces
 45601 | Vaults:5 | Bought a scroll of teleportation for 57 gold pieces
 45601 | Vaults:5 | Bought a scroll of blinking for 142 gold pieces
 45601 | Vaults:5 | Bought a scroll of blinking for 142 gold pieces
 45601 | Vaults:5 | Bought a scroll of teleportation for 57 gold pieces
 45649 | Vaults:5 | Found Sauh's Magic Scroll Shop.
 45656 | Vaults:5 | Bought a scroll of magic mapping for 70 gold pieces
 45656 | Vaults:5 | Bought a scroll of summoning for 190 gold pieces
 45661 | Vaults:5 | Found Beluemag's Magic Scroll Emporium.
 45666 | Vaults:5 | Bought a scroll of magic mapping for 70 gold pieces
 45721 | Vaults:5 | Found Vomialiw's Magic Scroll Emporium.
 45739 | Vaults:5 | Bought a scroll of blinking for 135 gold pieces
 45739 | Vaults:5 | Bought a scroll of fog for 36 gold pieces
 45739 | Vaults:5 | Bought a scroll of fear for 63 gold pieces
 45761 | Vaults:5 | Reached skill level 15 in Fighting
 45768 | Vaults:5 | Found Ruemy's Distillery.
 46055 | Vaults:5 | Noticed an ancient lich
 46087 | Vaults:5 | Killed an ancient lich
 46791 | Vaults:5 | Identified the ring of Nobility {Ice *Corrode rElec Int+4}
 47031 | Vaults:5 | Killed from afar by a shadow dragon

Illustrated notes

Levels and vault maps discovered:
D:1:      dpeg_chamrin_arrival_tetris, layout_loops_ring, minmay_tromino_i2
D:2:      layout_basic, ebering_ecumenical_altar_rust, serial_shops,
          shop_statue, uniq_crazy_yiuf_cottage
D:3:      layout_loops_ring
D:4:      layout_cave_pods, minmay_temple_entry_poolview,
          cheibrodos_sewer_entry_sluice, minmay_bent, uniq_grinder
D:5:      layout_cave_pods, mainiacjoe_overflow_24_doors,
          ebering_ghost_inner_flame, minmay_manual_mares
D:6:      layout_cave_pools
D:7:      layout_rooms, mainiacjoe_overflow_concentric_impassable
D:8:      cheibrodos_statue_roulette, layout_basic,
          mainiacjoe_overflow_alcove_1, mainiacjoe_overflow_brackets
D:9:      layout_stronghold, fedhas_altar_1, serial_bayou_ford_a, uniq_maggie
D:10:     layout_loops_ring, minitemple, lair_entry_dummy, enter_bailey_3,
          uniq_psyche, uniq_joseph
D:11:     layout_rooms, david_orc_3, gammafunk_ghost_cemetery
D:12:     layout_loops_ring, nicolae_dithmenos_shadow_blocks
D:13:     layout_basic, erik_vaults_1, laboratory
D:14:     layout_irregular_city, minmay_crystal_water
D:15:     grunt_enter_depths_snipers, layout_basic, kennysheep_crisscross
Temple:   nicolae_temple_no_exploring_needed
Lair:1:   wander_river, layout_misc_corridors, grunt_megastairs_3
Lair:2:   layout_cave_shapes, spider_nest_entry_webs, grunt_megastairs_1,
          infiniplex_staircase_pool
Lair:3:   nzn_winding_woodlands_stair_cross
          [nzn_winding_woodlands_5x15_lazy_stream,
          nzn_winding_woodlands_center_garden,
          nzn_winding_woodlands_5x15_sawtooth, nzn_winding_woodlands_hourglass,
          nzn_winding_woodlands_5x5_perimeter,
          nzn_winding_woodlands_5x15_jagged,
          nzn_winding_woodlands_center_triple_pond,
          nzn_winding_woodlands_5x15_crooked], layout_hall_layers,
          gammafunk_ghost_hive, minivault_11, nicolae_quartered_pool_super,
          grunt_forest_small_clearing_treed
Lair:4:   layout_layer_cave, minmay_shoals_entry_hut, lemuel_oklob_altar,
          grunt_megastairs_5
Lair:5:   layout_small_grid, dpeg_slime_entry_corner,
          chequers_serial_rivers_micro_c, patterned_corridor
Lair:6:   cheibrodos_lair_end_hotspot, layout_loops_ring, serial_bayou_shore_a
Shoals:1: layout_shoals, serial_shops, bzr_entry_water, nicolae_specific_store,
          uniq_mlioglotl
Shoals:2: layout_shoals, serial_shops, shop
Shoals:3: layout_shoals, serial_shops, nicolae_shop_window_shopping,
          uniq_jorgrun
Shoals:4: shoals_end_grunt_ice, layout_shoals, shoals_ilsuiw_alternative,
          ebering_ghost_xom
Spider:1: layout_spider_delve
Spider:2: layout_spider_delve
Spider:3: layout_spider_delve, nicolae_spider_nook, uniq_donald
Spider:4: grunt_spider_rune_circles, drop_trap, nicolae_spider_acid_house,
          uniq_arachne
Orc:1:    layout_caves, minmay_orc_temple_b
Orc:2:    st_orc_open, layout_caves
Vaults:1: hangedman_vaults_restitches, vaults_mumra_chevron_long,
          nicolae_vaults_angled_halls, hangedman_vaults_slice,
          ontoclasm_vaults_claustrophobia, vaults_dpeg_encased_lava,
          nicolae_vaults_what_the_h, ontoclasm_vaults_twist,
          nicolae_vaults_theta, layout_vaults_omnigrid
Vaults:2: nicolae_vaults_little_squares_4, st_star, ontoclasm_vaults_pinch,
          hangedman_vaults_corner, nicolae_vaults_shelves_hall, v_alt_pattern_2,
          nicolae_vaults_specimen_jars, minmay_crypt_entry_necro_gods, v_misc_9,
          v_misc_27, nicolae_vaults_circle_grid_b,
          ontoclasm_vaults_loading_screen, ontoclasm_vaults_decontamination,
          layout_vaults_ring
Vaults:3: nicolae_vaults_lopsided_apartments, ontoclasm_vaults_eye,
          vaults_mumra_hexcomb, ontoclasm_vaults_idyll, v_pattern_5, v_rooms_3,
          v_misc_24, hangedman_vaults_trim, hangedman_vaults_capsules,
          vaults_mumra_chevron, serial_ice_h, grunt_vaults_hallway_short,
          layout_vaults_omnicross, uniq_mennas
Vaults:4: vaults_room_large_hall, nicolae_vaults_shelves_hall,
          nicolae_vaults_three_branches, gammafunk_the_bubble
          [the_bubble_gammafunk_crates], hangedman_vaults_stitches,
          dpeg_vaults_monster_box, v_misc_5, nicolae_vaults_arrows,
          nicolae_vaults_mini_display_case, vaults_mumra_lcd,
          ontoclasm_vaults_fault, nicolae_vaults_little_squares_3,
          layout_vaults_maze
Vaults:5: serial_shops

Skill      XL: |  1  2  3  4  5  6  7  8  9 10 11 12 13 14 15 16 17 18 19 20 21 |
---------------+----------------------------------------------------------------+-----
Spellcasting   | 3 4 5 6 7 8 9 10 11 12 13 14 15 17 18 19 21 22 | 22.9
Hexes          | 4 5 6 8 9 10 11 12 13 14 15 17 18 20 21 22 | 22.9
Stealth        | 5 7 9 11 13 15 17 19 21 22 23 24 26 27 | 27.0
Dodging        | 5 7 8 10 11 13 15 16 17 | 17.0
Fighting       | 2 4 5 6 7 8 10 11 12 14 15 | 15.3
Short Blades   | 3 5 7 8 10 | 10.0
Conjurations   | 3 |  3.0

Action                   |  1- 3 |  4- 6 |  7- 9 | 10-12 | 13-15 | 16-18 | 19-21 || total
-------------------------+-------+-------+-------+-------+-------+-------+-------++-------
Melee: Dagger            |    30 |       |       |       |       |       |       ||    30
       Quick blade       |    35 |   113 |   234 |   474 |   606 |   733 |   752 ||  2947
       Unarmed           |       |     1 |       |       |       |       |       ||     1
       Punch             |       |       |     3 |     6 |     8 |    12 |    19 ||    48
Throw: Dart              |       |     4 |       |       |       |       |       ||     4
 Cast: Ensorcelled Hiber |     5 |    15 |    44 |   127 |    95 |   161 |    97 ||   544
       Tukima's Dance    |     1 |     1 |    32 |    49 |       |    18 |     4 ||   105
       Confusing Touch   |       |     2 |     6 |    16 |    10 |    21 |    27 ||    82
       Dazzling Flash    |       |       |       |       |     3 |       |    19 ||    22
       Discord           |       |       |       |       |       |    41 |    66 ||   107
       Enfeeble          |       |       |       |       |       |     1 |     5 ||     6
       Stone Arrow       |       |       |       |       |       |     1 |    11 ||    12
       Summon Guardian G |       |       |       |       |       |       |     1 ||     1
Invok: Shadow Step       |       |       |       |       |       |     2 |     2 ||     4
Evoke: Wand              |       |     2 |     2 |     7 |     7 |     3 |       ||    21
       Phantom mirror    |       |       |       |       |     1 |     1 |       ||     2
  Use: Scroll            |    12 |     6 |    10 |    11 |     7 |    12 |     9 ||    67
       Potion            |       |     1 |     4 |     4 |     6 |     4 |     4 ||    23
 Stab: Sleeping          |    17 |    21 |    32 |   104 |   107 |   158 |   156 ||   595
       Confused          |       |     2 |     8 |    16 |    10 |    25 |    26 ||    87
       Distracted        |       |       |     3 |     2 |     8 |    16 |    17 ||    46
       Invisible         |       |       |       |     3 |    11 |     1 |    20 ||    35
Armor: Robe              |     5 |     6 |    30 |    23 |    22 |     2 |       ||    88
       Steam dragon scal |       |       |       |       |       |    57 |    47 ||   104
Dodge: Dodged            |    28 |    58 |   148 |   276 |   394 |   594 |   422 ||  1920

Table legend: (Time is in decaauts)
 A = Elapsed time spent in this place.
 B = Non-inter-level travel time spent in this place.
 C = Inter-level travel time spent in this place.
 D = Time resting spent in this place.
 E = Time spent auto-exploring this place.
 F = Levels seen in this place.
 G = Mean time per level.
                   A        B        C        D        E       F      G
               +--------+--------+--------+--------+--------+-----+--------+
         Total |  33744 |  32203 |   1541 |   4156 |  21150 |  40 |  843.6 |
       Dungeon |  13497 |  12814 |    683 |   1031 |   9562 |  15 |  899.8 |
        Temple |      1 |      0 |      1 |      0 |      0 |   1 |    1.0 |
          Lair |   4703 |   4380 |    323 |    136 |   3341 |   6 |  783.8 |
        Shoals |   3492 |   3352 |    140 |    515 |   1992 |   4 |  873.0 |
   Spider Nest |   3138 |   3053 |     85 |    836 |   1387 |   4 |  784.5 |
  Orcish Mines |   1320 |   1230 |     90 |    133 |    796 |   2 |  660.0 |
        Vaults |   6178 |   5960 |    218 |   1267 |   3311 |   5 | 1235.6 |
        Bazaar |     74 |     74 |      0 |      0 |     25 |   1 |   74.0 |
         Sewer |    408 |    408 |      0 |      0 |    293 |   1 |  408.0 |
        Bailey |    929 |    929 |      0 |    235 |    439 |   1 |  929.0 |
               +--------+--------+--------+--------+--------+-----+--------+

Top non-repeatable levels by time:
Vaults:4: 1773 daAuts
     D:8: 1489 daAuts
  Lair:6: 1292 daAuts
     D:9: 1287 daAuts
Shoals:4: 1280 daAuts
Spider:4: 1248 daAuts
Vaults:5: 1245 daAuts
Vaults:2: 1148 daAuts
     D:5: 1106 daAuts
Shoals:1: 1102 daAuts
    D:15: 1089 daAuts
     D:3: 1064 daAuts
     D:4: 1040 daAuts
Vaults:3: 1025 daAuts
Vaults:1: 986 daAuts
